 Dungeon Crawl Stone Soup version 0.27-a0-46-g34d46f0a3f (webtiles) character file.

Game seed: 496121452932294382

52 Essalna the Magician (level 3, 0/19 HPs)
             Began as a Deep Elf Air Elementalist on Jan 6, 2021.
             Slain by Natasha (6 damage)
             ... on level 2 of the Dungeon.
             The game lasted 00:02:44 (1529 turns).

Essalna the Magician (Deep Elf Air Elementalist)    Turns: 1529, Time: 00:02:45

Health: 0/19       AC:  5    Str:  5    XL:     3   Next: 60%
Magic:  1/10       EV: 13    Int: 20    God:
Gold:   36         SH:  0    Dex: 15    Spells: 9/10 levels left

rFire    . . .     SeeInvis .   h - -3 spear (curse)
rCold    . . .     Faith    .   (no shield)
rNeg     . . .     Spirit   .   a - +0 robe
rPois    .         Reflect  .   (no helmet)
rElec    .         Harm     .   i - +2 cloak
rCorr    .         Rampage  .   (no gloves)
Will     .....                  (no boots)
Stlth    ++........             (no amulet)
HPRegen  0.06/turn              (no ring)
MPRegen  0.12/turn              (no ring)

@: no status effects
A: no striking features
a: no special abilities


You were on level 2 of the Dungeon.
You visited 1 branch of the dungeon, and saw 2 of its levels.

You collected 36 gold pieces.

Inventory:

Hand Weapons
 h - a cursed -3 spear (weapon)
Armour
 a - a +0 robe (worn)
 i - a +2 cloak (worn)
Scrolls
 d - a scroll of teleportation {unknown}
 e - 3 scrolls of identify {unknown}
 f - 2 scrolls of remove curse {unknown}
 g - a scroll of enchant armour {unknown}
 j - 2 scrolls of immolation {unknown}
Potions
 b - a potion of invisibility {unknown}
 c - a potion of heal wounds {unknown}


   Skills:
 - Level 2.4 Dodging
 - Level 2.4 Stealth
 + Level 4.4 Spellcasting
 - Level 1.1 Conjurations
 + Level 3.9 Air Magic


You had 9 spell levels left.
You knew the following spells:

 Your Spells              Type           Power        Failure   Level
a - Shock                 Conj/Air       56%          4%          1

Your spell library contained the following spells:

 Spells                   Type           Power        Failure   Level
 Swiftness                Air            20%          3%          2
 Static Discharge         Conj/Air       14%          13%         3
 Airstrike                Air            10%          24%         4
 Lightning Bolt           Conj/Air       7%           77%         5


Dungeon Overview and Level Annotations

Branches:
Dungeon (2/15)

Altars:
Nemelex Xobeh

Annotations:
D:2 Natasha


Message History

Press: ? - help, Q - select action Shift-Dir - straight line, f/p - Natasha
Aim: Natasha (heavily wounded, 36% to evade)
The zap hits Natasha.
Natasha is severely wounded.
The zap hits the quokka.
The quokka is heavily wounded.
The zap misses the white imp.
Natasha casts a spell at you. The magic dart hits you!
Aiming: Shock (safe; 4% risk of failure)
Press: ? - help, Q - select action Shift-Dir - straight line, f/p - Natasha
Aim: Natasha (severely wounded, 36% to evade)
The zap hits Natasha.
Natasha is almost dead.
The zap hits the quokka.
You kill the quokka!
The zap hits the white imp.
The white imp is severely wounded.
Natasha claws you.
You die...

#.# #.# #.# #.#
#.# #.# #.#
#########.#
#..@h†5...#
#.####w.......#
# #..........
#.......##.
...w#.....
.#...r....## .
....>..(..... .
.#.#......K...


You could see a worm, Natasha and a white imp (summoned).

Vanquished Creatures
  2 adders (D:2)
  A dart slug (D:1)
  A leopard gecko (D:2)
  3 bats
  2 giant cockroaches (D:1)
  4 goblins
  2 hobgoblins
  4 jackals (D:1)
  A quokka (D:2)
  4 kobolds
  6 rats
30 creatures vanquished.

Notes
Turn   | Place    | Note
-------+----------+-------------------------------------------
     0 | D:1      | Essalna the Deep Elf Air Elementalist began the quest for
                  | the Orb.
     0 | D:1      | Reached XP level 1. HP: 10/10 MP: 6/6
   333 | D:1      | Reached XP level 2. HP: 15/15 MP: 5/8
  1047 | D:2      | Reached skill level 4 in Spellcasting
  1132 | D:2      | Found a sparkling altar of Nemelex Xobeh.
  1171 | D:2      | Reached XP level 3. HP: 15/19 MP: 5/10
  1515 | D:2      | Noticed Natasha
  1529 | D:2      | Slain by Natasha

Illustrated notes

Levels and vault maps discovered:
D:1:      amcnicky_arrival_blooded_trapdoor, layout_basic
D:2:      layout_loops_ring, nemelex_xobeh_ov_fountains_minmay,
          gammafunk_temple_overflow_elements, uniq_natasha

Skill      XL: |  1  2 |
---------------+-------+-----
Spellcasting   | 4 |  4.4
Dodging        | |  2.4
Stealth        | |  2.4
Conjurations   | |  1.1
Air Magic      | |  3.9

Action                   || total
-------------------------++-------
Melee: Spear             ||     7
       Unarmed           ||     3
 Cast: Shock             ||    75
Armor: Robe              ||     9
Dodge: Dodged            ||    18

Table legend: (Time is in decaauts)
 A = Elapsed time spent in this place.
 B = Non-inter-level travel time spent in this place.
 C = Inter-level travel time spent in this place.
 D = Time resting spent in this place.
 E = Time spent auto-exploring this place.
 F = Levels seen in this place.
 G = Mean time per level.
                   A        B        C        D        E       F      G
               +--------+--------+--------+--------+--------+-----+--------+
         Total |   1529 |   1510 |     19 |     81 |   1275 |   2 |  764.5 |
       Dungeon |   1529 |   1510 |     19 |     81 |   1275 |   2 |  764.5 |
               +--------+--------+--------+--------+--------+-----+--------+

Top non-repeatable levels by time:
     D:1: 1044 daAuts
     D:2: 484 daAuts
